 Dungeon Crawl Stone Soup version 0.19.0-16-g73b5abf (webtiles) character file.

315 MirrMurr the Scratcher (level 6, -4/25 HPs)
             Began as a Felid Transmuter on Nov 11, 2016.
             Was a Believer of Uskayaw.
             Killed from afar by an orc wizard (13 damage)
             ... with a puff of flame
             ... on level 5 of the Dungeon.
             The game lasted 00:11:35 (4578 turns).

MirrMurr the Scratcher (Felid Transmuter)           Turns: 4578, Time: 00:11:36

Health: -4/25      AC:  2    Str:  8    XL:     6   Next: 20%
Magic:  19/19      EV: 19    Int: 15    God:    Uskayaw [**....]
Gold:   162        SH:  0    Dex: 16    Spells: 3 memorised, 3 levels left
                                        Lives:  0   Deaths: 1

rFire  . . .     SeeInvis +       - Unarmed
rCold  . . .     Gourm    .     (armour unavailable)
rNeg   . . .     Faith    .     (shield unavailable)
rPois  .         Spirit   .     (helmet unavailable)
rElec  .         Reflect  .     (cloak unavailable)
rCorr  .         Harm     .     (gloves unavailable)
MR     +....                    (boots unavailable)
Stlth  +++.......               (no amulet)
                                j - ring of magical power
                                i - ring of protection from magic

@: very slightly contaminated, quick
A: no armour, no weapons or thrown items, stealth, claws 1, fangs 3, see
invisible, carnivore 3, speed 1, shaggy fur 2, slow metabolism 1, sharp paws
a: Stomp, Line Pass, Renounce Religion


You were on level 5 of the Dungeon.
You worshipped Uskayaw.
Uskayaw was noncommittal.
You were very full.

You visited 1 branch of the dungeon, and saw 5 of its levels.

You collected 162 gold pieces.

Inventory:

Missiles
 a - 44 arrows
Jewellery
 i - a ring of protection from magic (left paw)
 j - a ring of magical power (right paw)
 s - a cursed -3 ring of evasion {unknown}
Wands
 h - a wand of polymorph (19/24)
Scrolls
 d - a scroll of blinking
 o - a scroll of identify
 r - 3 scrolls of remove curse
Potions
 e - a potion of cancellation
 g - a potion of agility
 k - a potion of might
 l - a potion of mutation {unknown}
 m - a potion of lignification {unknown}
 p - a potion of brilliance {unknown}
Books
 b - a book of Changes

   Spells                             Type                      Level
   a - Beastly Appendage              Transmutation                1
   b - Sticks to Snakes               Transmutation                2
   c - Spider Form                    Transmutation/Poison         3
   d - Ice Form                       Ice/Transmutation            4
   e - Blade Hands                    Transmutation                5
 n - a book of Conjurations

   Spells                             Type                      Level
   a - Magic Dart                     Conjuration                  1
   b - Searing Ray                    Conjuration                  2
   c - Dazzling Spray                 Conjuration/Hexes            3
   d - Fulminant Prism                Conjuration/Hexes            4
   e - Iskenderun's Mystic Blast      Conjuration                  4
   f - Iskenderun's Battlesphere      Conjuration/Charms           5
Comestibles
 c - 2 meat rations
 f - 4 beef jerkies
 q - 6 chunks of flesh


   Skills:
 + Level 1.4 Fighting
 + Level 3.8 Dodging
 + Level 3.7 Stealth
 * Level 6.6 Unarmed Combat
 + Level 2.4 Spellcasting
 + Level 2.5 Transmutations


You had 3 spell levels left.
You knew the following spells:

 Your Spells              Type           Power        Failure   Level  Hunger
a - Beastly Appendage     Tmut           #.....       10%         1    #......
b - Sticks to Snakes      Tmut           #.......     12%         2    ###....
c - Spider Form           Tmut/Pois      #.........   43%         3    ###....


Dungeon Overview and Level Annotations

Branches:
Dungeon (5/15)
 Temple: D:4-7

Altars:
Uskayaw


Innate Abilities, Weirdness & Mutations

You cannot wear armour.
You are incapable of wielding weapons or throwing items.
Your paws allow you to move quietly. (Stealth)
You have sharp claws.
You have razor-sharp teeth.
You have supernaturally acute eyesight. (SInv)
You are carnivorous and can eat meat at any time.
You cover ground quickly.
You are covered in thick fur. (AC +2)
You have a slow metabolism.
Your sharp claws are effective at attacking unaware monsters.


Message History

You can now pass through a line of other dancers.
You scratch the orc wizard but do no damage.
The orc wizard is heavily wounded.
The orc wizard hits you with a dagger.
Unknown command.
You closely miss the orc wizard.
The orc wizard is heavily wounded.
The orc hits you with a club. The orc wizard hits you with a dagger.
You scratch the orc wizard but do no damage.
Your bite misses the orc wizard.
The orc wizard is heavily wounded.
The orc hits you with a club. The orc wizard misses you.
You scratch the orc wizard.
The orc wizard is almost dead.
Your horns disappear.
The orc closely misses you.
The orc wizard points at you and mumbles some strange words.
The puff of flame hits you!
Ouch! That really hurt!
You die...

...#
...#
...#
.).#
...#
)..#
###...#
#)<...##
#.@o...#
#o.....#
#..)...#
#......#
#......#
+.(...##
#....%#
#.....#


You could see an orc wizard (invisible) and an orc.

Vanquished Creatures
  Sigmund (D:2)
  A bullfrog skeleton (D:4)
  3 orc wizards (D:4)
  Jessica (D:2)
  A worker ant (D:4)
  Robin (D:2)
  3 adders (D:3)
  An ooze (D:1)
  An adder skeleton (D:4)
  4 worms
  5 dart slugs
  5 leopard geckos
  9 orcs
  3 giant cockroaches
  16 goblins
  9 hobgoblins
  7 kobolds
  A quokka (D:2)
  4 ball pythons
  A ball python skeleton (D:4)
  10 bats
  5 frilled lizards
  6 rats
98 creatures vanquished.

Notes
Turn   | Place    | Note
-------+----------+-------------------------------------------
     0 | D:1      | MirrMurr the Felid Transmuter began the quest for the Orb.
     0 | D:1      | Reached XP level 1. HP: 9/9 MP: 4/4
   177 | D:1      | Reached XP level 2. HP: 11/12 MP: 6/6
   462 | D:1      | Learned a level 2 spell: Sticks to Snakes
   744 | D:1      | Reached skill level 4 in Unarmed Combat
   744 | D:1      | Reached XP level 3. HP: 15/15 MP: 7/7
   975 | D:1      | Learned a level 3 spell: Spider Form
  1349 | D:2      | Reached skill level 1 in Stealth
  1411 | D:2      | Noticed Jessica
  1445 | D:2      | Noticed Robin
  1653 | D:2      | Noticed Sigmund
  1661 | D:2      | Killed Sigmund
  1661 | D:2      | Reached skill level 5 in Unarmed Combat
  1661 | D:2      | Reached XP level 4. HP: 14/19 MP: 6/8
  1661 | D:2      | Reached XP level 5. HP: 17/22 MP: 6/9
  1974 | D:2      | Killed Jessica
  2323 | D:2      | Gained mutation: You are covered in thick fur. (AC +2) [Felid growth]
  2323 | D:2      | Reached XP level 6. HP: 24/25 MP: 10/10
  2351 | D:2      | Killed Robin
  3167 | D:3      | Reached skill level 6 in Unarmed Combat
  3644 | D:4      | HP: 1/25 [bullfrog skeleton (6)]
  4082 | D:4      | Noticed a hand axe
  4082 | D:4      | Noticed a hand axe
  4083 | D:4      | Found a hide-covered altar of Uskayaw.
  4093 | D:4      | Became a worshipper of Uskayaw the Reveler
  4120 | D:4      | Reached * piety under Uskayaw
  4122 | D:4      | Killed from afar by an orc wizard
  4123 | D:4      | Reached XP level 5. HP: -1/22 MP: 18/18
  4333 | D:4      | Reached XP level 6. HP: 19/25 MP: 10/10
  4333 | D:4      | Reached ** piety under Uskayaw
  4365 | D:4      | Reached *** piety under Uskayaw
  4561 | D:5      | Entered Level 5 of the Dungeon
  4578 | D:5      | Killed from afar by an orc wizard

Skill      XL: |  1  2  3  4  5  6 |
---------------+-------------------+-----
Unarmed Combat | 4 5 6 |  6.6
Stealth        | 2 3 |  3.7
Dodging        | 3 |  3.8
Fighting       | |  1.4
Spellcasting   | |  2.4
Transmutations | |  2.5

Action                   |  1- 3 |  4- 6 || total
-------------------------+-------+-------++-------
Melee: Unarmed           |   105 |   176 ||   281
       Bite              |    11 |    14 ||    25
       Punch             |     2 |     5 ||     7
       Headbutt          |       |    11 ||    11
 Cast: Beastly Appendage |     1 |    14 ||    15
  Use: Scroll            |     3 |     6 ||     9
       Potion            |       |     2 ||     2
 Stab: Sleeping          |     9 |    12 ||    21
  Eat: Chunk             |     9 |     9 ||    18
Armor: Skin              |     4 |    10 ||    14
Dodge: Dodged            |    89 |   115 ||   204
